 Dungeon Crawl Stone Soup version 0.31-a0-240-gb923e448b6 (webtiles) character file.

Game seed: 2995204710188528011

4 qw the Vexing (level 1, -2/12 HPs)
             Began as a Gargoyle Hexslinger on July 12, 2023.
             Slain by a goblin
             ... wielding a +0 club
              (3 damage)
             ... on level 1 of the Dungeon.
             The game lasted 00:00:03 (242 turns).

qw the Vexing (Gargoyle Hexslinger)                  Turns: 242, Time: 00:00:04

Health: -2/12      AC:  4    Str: 11    XL:     1   Next: 60%
Magic:  2/2        EV: 12    Int: 13    God:
Gold:   49         SH:  0    Dex: 12    Spells: 1/2 levels left

rFire   . . .        a - +1 sling
rCold   . . .        (no shield)
rNeg    + . .        c - +0 robe
rPois   inf          (no helmet)
rElec   +            (no cloak)
rCorr   .            (no gloves)
SInv    .            (no boots)
Will    .....        (no amulet)
Stlth   +            (no ring)
HPRegen 0.22/turn    (no ring)
MPRegen 0.08/turn

%: no passive effects
@: no status effects
A: sickness immunity, AC +2, negative energy resistance 1, electricity
resistance, torment resistance 1, petrification resistance
a: no special abilities


You were on level 1 of the Dungeon.
You visited 1 branch of the dungeon, and saw 1 of its levels.

You collected 49 gold pieces.


Innate Abilities, Weirdness & Mutations

You are immune to sickness and miasma.
Your stone body is resilient. (AC +2)
You are immune to poison.
You resist negative energy. (rN+)
You are resistant to electric shocks. (rElec)
You are resistant to unholy torment.
You are immune to petrification.


   Skills:
 - Level 1.1 Fighting
 + Level 2.4 Ranged Weapons
 - Level 1.5 Dodging
 - Level 1.0 Spellcasting
 - Level 2.6 Hexes


You had one spell level left.
You knew the following spells:

 Your Spells              Type           Power      Damage    Failure   Level
a - Slow                  Hex            28%        N/A       10%         1

Your spell library contained the following spells:

 Spells                   Type           Power      Damage    Failure   Level
 Inner Flame              Hex/Fire       4%         N/A       43%         3
 Portal Projectile        Hex/Tloc       8%         N/A       43%         3
 Cause Fear               Hex            3%         N/A       67%         4

Inventory:

Hand Weapons
 a - a +1 sling (weapon)
Armour
 c - a +0 robe (worn)
Scrolls
 b - a scroll of poison
 d - a scroll of enchant armour {unknown}

Dungeon Overview and Level Annotations

Branches:
Dungeon (1/15)

Altars:


Message History

You kill the bat!
The goblin closely misses you.
You shoot a sling bullet.
The sling bullet closely misses the goblin.
A dart slug comes into view.
The goblin barely misses you.
You shoot a sling bullet.
The sling bullet closely misses the goblin.
The sling bullet barely misses the kobold.
The ball python barely misses you. The ball python grabs you.
The ball python constricts you. The goblin hits you with a +0 club.
The ball python closely misses you. The ball python constricts you.
You shoot a sling bullet.
The sling bullet barely misses the ball python.
The ball python barely misses you. The ball python constricts you.
The goblin hits you with a +0 club. The ball python barely misses you.
The ball python constricts you.
You shoot a sling bullet. The sling bullet hits the ball python.
You kill the ball python!
The goblin barely misses you. The goblin misses you.
The kobold closely misses you.
You shoot a sling bullet.
The sling bullet closely misses the goblin.
The kobold hits you with a +1 short sword of draining.
The goblin closely misses you.
You shoot a sling bullet.
The sling bullet barely misses the goblin.
The sling bullet hits the dart slug.
The dart slug is lightly wounded.
The kobold hits you but does no damage. The goblin hits you but does no damage.
You shoot a sling bullet.
The sling bullet closely misses the goblin.
The sling bullet hits the dart slug.
The dart slug is moderately wounded.
The kobold misses you. The goblin hits you but does no damage.
You shoot a sling bullet.
The sling bullet closely misses the goblin.
The kobold hits you with a +1 short sword of draining.
The goblin barely misses you. The goblin hits you with a +0 club.
You die...

# ... .. . .. ##. ##. ..
... #####.. .# #.
#.....# ..## #. #.....#
#..(###..... ##
#.....##gw....(....###
#......@K............#
#....................
#..................#
#..................#
#..................#
##.................#####
#.........>....#...#.#.
#..............#..#.#.#
#.#...............#####


You could see a dart slug, a goblin and a kobold.

Vanquished Creatures
  A ball python (D:1)
  A bat (D:1)
  A frilled lizard (D:1)
  A goblin (D:1)
  A rat (D:1)
5 creatures vanquished.

Notes
Turn   | Place    | Note
-------+----------+-------------------------------------------
     0 | D:1      | qw the Gargoyle Hexslinger began the quest for the Orb.
     0 | D:1      | Reached XP level 1. HP: 12/12 MP: 2/2
     0 | D:1      | 0 ||| qw: Version: 0.3-a-52-g30416fa
     0 | D:1      | 0 ||| qw: Game counter: 6142
     0 | D:1      | 0 ||| qw: Melee chars always use a shield: true
     0 | D:1      | 0 ||| qw: God list: Okawaru
     0 | D:1      | 0 ||| qw: Allow faded altars: false
     0 | D:1      | 0 ||| qw: Do Orc after clearing Dungeon:15 true
     0 | D:1      | 0 ||| qw: Do second Lair branch before Depths: true
     0 | D:1      | 0 ||| qw: Lair rune preference: random
     0 | D:1      | 0 ||| qw: Goals: Normal
     0 | D:1      | 0 ||| PLANNING D:1-11
   242 | D:1      | HP: 1/12 [kobold/+1 short sword of draining (5)]
   242 | D:1      | Slain by a goblin

Levels and vault maps discovered:
D:1:      reono_arrival_mine, layout_rooms, serial_forest,
          infiniplex_forest_corner_1, infiniplex_forest_lined_room_2,
          infiniplex_forest_straight_3, infiniplex_forest_lined_room_2,
          infiniplex_forest_corner_1, infiniplex_forest_lined_ring,
          infiniplex_forest_straight_2, infiniplex_forest_straight_5,
          infiniplex_forest_straight_5, minmay_bisected

Action                     || total
---------------------------++-------
   Fire: Sling             ||    18
 Armour: Robe              ||     3
  Dodge: Dodged            ||    13

Table legend:
 A = Non-vault XP
 B = Vault XP
 C = Vault XP percentage of total XP
 D = Non-vault monster count
 E = Vault monster count
 F = Vault count percentage of total count
                 A         B        C        D         E       F
            +---------+---------+-------+---------+---------+-------
      Total |       2 |       4 |  66.7 |       2 |       3 |  60.0
            +---------+---------+-------+---------+---------+-------
        D:1 |       2 |       4 |  66.7 |       2 |       3 |  60.0
            +---------+---------+-------+---------+---------+-------
